 Dungeon Crawl Stone Soup version 0.24.0-123-gd5b16e6ec5 (webtiles) character file.

Game seed: 14395787037718441501, levelgen mode: deterministic

28 LowPressure the Insei (level 2, -1/21 HPs)
             Began as a Demonspawn Transmuter on Dec 27, 2019.
             Slain by a kobold
             ... wielding a +0 dagger
              (2 damage)
             ... on level 1 of the Dungeon.
             The game lasted 00:04:15 (1303 turns).

LowPressure the Insei (Demonspawn Transmuter)       Turns: 1303, Time: 00:04:16

Health: -1/21      AC:  2    Str: 10    XL:     2   Next: 96%
Magic:  3/5        EV: 12    Int: 14    God:
Gold:   25         SH:  0    Dex: 13    Spells: 2/5 levels left

rFire    . . .     SeeInvis .     - Unarmed
rCold    . . .     Gourm    .   (no shield)
rNeg     . . .     Faith    .   b - +0 robe
rPois    .         Spirit   .   (helmet restricted)
rElec    .         Reflect  .   (no cloak)
rCorr    .         Harm     .   (no gloves)
MR       .....                  (no boots)
Stlth    +.........             (no amulet)
HPRegen  0.07/turn              (no ring)
MPRegen  0.09/turn              (no ring)

@: no status effects
A: horns 1
a: no special abilities


You were on level 1 of the Dungeon.
You were hungry.

You visited 1 branch of the dungeon, and saw 1 of its levels.

You collected 25 gold pieces.

Inventory:

Hand Weapons
 h - a +0 club
Missiles
 a - 11 arrows
Armour
 b - a +0 robe (worn)
 e - a +0 ring mail
Scrolls
 f - a scroll of amnesia {unknown}
 i - a scroll of random uselessness {unknown}
Potions
 c - 2 potions of heal wounds {unknown}
Comestibles
 d - 2 rations


   Skills:
 + Level 1.0 Fighting
 + Level 2.0 Dodging
 + Level 0.1 Stealth
 + Level 3.1 Unarmed Combat
 + Level 2.4 Spellcasting
 + Level 2.0 Transmutations


You had 2 spell levels left.
You knew the following spells:

 Your Spells              Type           Power        Failure   Level  Hunger
a - Beastly Appendage     Tmut           #.....       10%         1    #......
b - Sticks to Snakes      Tmut           #.......     16%         2    ###....

Your spell library contained the following spells:

 Spells                   Type           Power        Failure   Level  Hunger
 Spider Form              Tmut/Pois      #.........   41%         3    ###....
 Ice Form                 Ice/Tmut       #.......     83%         4    #####..
 Blade Hands              Tmut           #.........   95%         5    ######.


Dungeon Overview and Level Annotations

Branches:
Dungeon (1/15)

Altars:


Innate Abilities, Weirdness & Mutations

You have a pair of small horns on your head.


Message History

The kobold hits you with a +0 dagger.
The kobold throws a stone.
The stone hits you but does no damage.
You see here a stone.
You barely miss the kobold. Your kick misses the kobold.
The kobold hits you with a +0 dagger.
You closely miss the kobold. The kobold hits you with a +0 dagger.
The kobold misses you.
You hit the kobold but do no damage. Your kick misses the kobold.
The kobold hits you but does no damage. The kobold hits you with a +0 dagger.
You hit the kobold.
The kobold is moderately wounded.
The kobold hits you with a +0 dagger. x2
* * * LOW HITPOINT WARNING * * *
The kobold throws a stone.
The stone barely misses you.
Casting: Beastly Appendage (safe; 10% risk of failure)
Confirm with . or Enter, or press ? or * to list all spells.
You create a snake!
You now have 11 arrows.
Your talons disappear.
The kobold hits you with a +0 dagger.
You die...

..##.#
####.#...÷........#.# #
.....#
#.#####.#.####.#.#####
..#### #####)#####.#.#
#...... .##
#........##.#.# #.##### .#
#####.###.##.##.#.####....
.###...#.#
#.##.##...........
.##......#
#.##.#......##....#
.........#
#.##(#S.....##.#.##
###......#
#....@K.....##.#.#
##...#.# #...(.K...####.#.
##.##.# #.#####.......
#.##.###.# #....###
#........# #..(...
####.###.# #....###
#.....#####....#
####..÷.>....#.#
##.#########


You could see 2 kobolds and a friendly ball python.

Vanquished Creatures
  A worm (D:1)
  6 bats (D:1)
  A giant cockroach (D:1)
  3 goblins (D:1)
  5 hobgoblins (D:1)
  3 kobolds (D:1)
  2 ball pythons (D:1)
  A frilled lizard (D:1)
  2 rats (D:1)
24 creatures vanquished.

Notes
Turn   | Place    | Note
-------+----------+-------------------------------------------
     0 | D:1      | LowPressure the Demonspawn Transmuter began the quest for
                  | the Orb.
     0 | D:1      | Reached XP level 1. HP: 15/15 MP: 3/3
   453 | D:1      | Mutation became permanent: You have a pair of small horns
                  | on your head. [demonic ancestry]
   453 | D:1      | Gained mutation: You have a pair of horns on your head.
                  | [demonic ancestry]
   453 | D:1      | Reached XP level 2. HP: 13/21 MP: 3/5
   461 | D:1      | Reached skill level 3 in Unarmed Combat
   724 | D:1      | Learned a level 2 spell: Sticks to Snakes
  1301 | D:1      | HP: 1/21 [kobold/+0 dagger (6)]
  1303 | D:1      | Slain by a kobold

Levels and vault maps discovered:
D:1:      evilmike_arrival_run_for_it, layout_loops_ring

Skill      XL: |  1  2 |
---------------+-------+-----
Unarmed Combat | 3 |  3.1
Transmutations | 2 |  2.0
Dodging        | 2 |  2.0
Fighting       | |  1.0
Stealth        | |  0.1
Spellcasting   | |  2.4

Action                   || total
-------------------------++-------
Melee: Unarmed           ||    89
       Headbutt          ||     9
       Kick              ||     8
 Cast: Beastly Appendage ||    18
       Sticks to Snakes  ||     1
 Stab: Sleeping          ||     1
  Eat: Chunk             ||     1
Armor: Robe              ||    20
Dodge: Dodged            ||    52
